 Dungeon Crawl Stone Soup version 0.29.1-12-g30fa7ad0bf (webtiles) character file.

Game seed: 5374779579606549510

3 wormed the Shooter (level 1, 0/10 HPs)
             Began as a Spriggan Hunter on Dec 29, 2022.
             Slain by a bat (1 damage)
             ... on level 1 of the Dungeon.
             The game lasted 00:00:34 (84 turns).

wormed the Shooter (Spriggan Hunter)                  Turns: 84, Time: 00:00:34

Health: 0/10       AC:  2    Str:  7    XL:     1   Next: 41%
Magic:  2/2        EV: 18    Int: 10    God:
Gold:   5          SH:  0    Dex: 18    Spells: 0/0 levels left

rFire   . . .      SeeInvis +   a - +0 shortbow
rCold   . . .      Faith    .   (shield currently unavailable)
rNeg    . . .      Spirit   .   c - +0 robe
rPois   .          Reflect  .   (helmet restricted)
rElec   .          Harm     .   (no cloak)
rCorr   .          Rampage  .   (gloves unavailable)
Will    .....                   (boots unavailable)
Stlth   ++........              (no amulet)
HPRegen 0.03/turn               (no ring)
MPRegen 0.08/turn               (no ring)

@: very quick
A: very small, no large weapons, unfitting armour, see invisible, speed 3
a: no special abilities


You were on level 1 of the Dungeon.
You visited 1 branch of the dungeon, and saw 1 of its levels.

You collected 5 gold pieces.

Inventory:

Hand Weapons
 a - a +0 shortbow (weapon)
Armour
 c - a +0 robe (worn)
Jewellery
 e - a +6 ring of intelligence
Scrolls
 b - a scroll of immolation
Potions
 d - a potion of brilliance {unknown}


   Skills:
 + Level 1.6 Fighting
 * Level 4.0 Ranged Weapons
 + Level 2.8 Dodging
 + Level 1.7 Stealth


You couldn't memorise any spells.
You didn't know any spells.
Your spell library was empty.

Dungeon Overview and Level Annotations

Branches:
Dungeon (1/15)

Altars:


Innate Abilities, Weirdness & Mutations

You are very small and have problems with some larger weapons.
You are too small for most types of armour.
You have supernaturally acute eyesight. (SInv)
You cover ground extremely quickly. (Speed+++)


Message History

A goblin comes into view. It is wielding a +0 club.
Found a stone staircase leading down.
The goblin shouts!
The bat closely misses you.
A bat comes into view.
The dart slug launches a dart at you. The slug dart misses you.
The bat attacks as you move away! The bat completely misses you.
The bat closely misses you. The frilled lizard closely misses you.
The bat attacks as you move away! The bat completely misses you.
The bat hits you but does no damage. The bat misses you.
The bat hits you but does no damage. The bat completely misses you.
The frilled lizard barely misses you. The kobold hits you but does no damage.
The bat hits you but does no damage. The bat attacks as you move away!
The bat closely misses you. The bat attacks as you move away!
The bat hits you but does no damage. The bat barely misses you.
The bat closely misses you. The bat hits you but does no damage.
The bat hits you.
* * * LOW HITPOINT WARNING * * *
The bat attacks as you move away! The bat barely misses you.
The bat completely misses you. The bat barely misses you.
The bat attacks as you move away! The bat misses you.
The kobold shouts!
The bat hits you but does no damage.
You see here a +0 short sword.
The bat completely misses you. The bat attacks as you move away!
The bat barely misses you. Why would you want to do that?
The bat attacks as you move away! The bat completely misses you. x2
The bat attacks as you move away! The bat barely misses you.
The bat hits you but does no damage. The bat misses you.
The bat attacks as you move away! The bat barely misses you. x2
The bat closely misses you. The bat closely misses you.
The bat hits you but does no damage. The bat attacks as you move away!
The bat hits you.
You die...

##..≈≈≈≈≈≈≈..##..## #
##..≈≈.....≈≈..#...
#.##..≈≈.......≈≈....#
#.)..≈≈..8.<....≈≈.#.##
#..≈........8..≈....# ####
#.≈.....♣.....≈.##.# #...
#.≈≈.........≈≈.##.###l..
#..≈≈..8....≈≈.l....K.K..
###..≈≈♣.@.b≈≈K...#####wg.
......≈≈≈.b≈≈..)..# #...
####...........#### #..w
##..........## #g..
#...........# #...
##.).........# #...
......#.........# ##...
#####.###..##..†.. .......
.. ....'...... ....###


You could see 2 bats, a kobold and a frilled lizard.

Vanquished Creatures
  A goblin (D:1)
  A quokka (D:1)
2 creatures vanquished.

Vanquished Creatures (others)
  A goblin (D:1)
1 creature vanquished.

Grand Total: 3 creatures vanquished

Notes
Turn   | Place    | Note
-------+----------+-------------------------------------------
     0 | D:1      | wormed the Spriggan Hunter began the quest for the Orb.
     0 | D:1      | Reached XP level 1. HP: 10/10 MP: 2/2
    84 | D:1      | Slain by a bat

Illustrated notes

Levels and vault maps discovered:
D:1:      moated_graveyard_arrival, layout_basic,
          hellmonk_ecumenical_altar_crossroads, dreamdust_mushroom_princess

Action                   || total
-------------------------++-------
 Fire: Shortbow          ||     8
Armor: Robe              ||    17
Dodge: Dodged            ||    49
